 Dungeon Crawl Stone Soup version 0.15.0-11-g6f4f891 (webtiles) character file.

55685 MDvedh the Blocker (level 14, -11/130 HPs)
             Began as a Minotaur Fighter on Aug 31, 2014.
             Was a High Priest of Okawaru.
             Killed by divine providence
             ... invoked by an orc high priest
              (13 damage)
             ... on Level 3 of the Orcish Mines.
             The game lasted 00:51:32 (26558 turns).

MDvedh the Blocker (Minotaur Fighter)              Turns: 26558, Time: 00:51:32

HP -11/130       AC 22     Str 26      XL: 14   Next: 39%
MP  22/22        EV 11     Int  6 (7)  God: Okawaru [*****.]
Gold 1824        SH 17     Dex 12      Spells:  0 memorised, 13 levels left

rFire  + . .     SeeInvis .     n - +2 whip (freeze)
rCold  . . .     Clarity  .     H - +0 plate armour
rNeg   . . .     rCorr    .     c - +1 shield
rPois  +         rRot     .     g - +0 hat
rElec  .         Spirit   .     e - +1 cloak
SustAb .         Warding  .     (no gloves)
rMut   .         Stasis   .     C - +0 pair of boots
Gourm  .                        (no amulet)
MR     ++...                    M - ring of poison resistance
                                r - ring of protection from magic

@: heroism, drained, very resistant to hostile enchantments, extremely
unstealthy
A: retaliatory headbutt, horns 2, talons 1, blurry vision 1, clever 1,
deterioration 1, fire resistance 1, spit poison 1, strong 1, forlorn
a: Spit Poison, Heroism, Finesse, Renounce Religion


You were on level 3 of the Orcish Mines.
You worshipped Okawaru.
Okawaru was extremely pleased with you.
You were not hungry.

You visited 4 branches of the dungeon, and saw 23 of its levels.

You collected 1824 gold pieces.

Inventory:

Hand weapons
 n - a +2 whip of freezing (weapon)
 z - a +2 whip of flaming
Armour
 c - a +1 shield (worn)
 e - a +1 cloak (worn)
 g - a +0 hat (worn)
 C - a +0 pair of boots (worn)
 H - a +0 plate armour (worn)
Magical devices
 p - a wand of fireball (4)
 v - a wand of slowing (11)
 A - a wand of digging (0)
 J - a wand of draining (6) {unknown}
 P - a wand of flame (15) {unknown}
Comestibles
 b - 10 meat rations
 d - 6 bread rations
 i - 16 beef jerkies
 k - 10 fruits
 I - a slice of pizza
Scrolls
 a - a scroll of blinking
 l - 7 scrolls of remove curse
 m - 4 scrolls of recharging
 q - a scroll of fear
 s - 9 scrolls of teleportation
 u - 2 scrolls of identify
 w - 2 scrolls of magic mapping
 x - 4 scrolls of enchant weapon
 y - 3 scrolls of amnesia
 R - 2 scrolls of enchant armour
Jewellery
 h - an uncursed ring of flight
 r - a ring of protection from magic (left hand)
 G - an uncursed ring of protection from cold
 L - an uncursed ring of protection from magic
 M - a ring of poison resistance (right hand)
Potions
 f - 2 potions of restore abilities
 j - 2 potions of cancellation
 t - a potion of invisibility
 B - 2 potions of haste
 N - a potion of might
 O - 2 potions of brilliance


   Skills:
 - Level 13.8(18.6) Fighting
 - Level 12.1(16.8) Maces & Flails
 + Level 13.5(18.2) Armour
 + Level 9.0(13.7) Dodging
 - Level 15.0(19.7) Shields
 - Level 8.4(8.2) Invocations


You had 13 spell levels left.
You didn't know any spells.

Dungeon Overview and Level Annotations

Branches:
Dungeon (11/15)            Temple (1/1) D:6             Orc (3/4) D:9
   Lair (8/8) D:11          Swamp (0/5) Lair:4       Spider (0/5) Lair:3
  Slime (0/6) Lair:6
    Elf: Orc:3-4

Altars:
Ashenzari
Cheibriados
Dithmenos
Kikubaaqudgha
Nemelex Xobeh
Okawaru
Sif Muna
Vehumet
Xom
Yredelemnul
Zin
The Shining One
Jiyva

Shops:
D:5 }   Orc:3 [

Annotations:
Lair:1 exclusion: oklob plant


Innate Abilities, Weirdness & Mutations

You reflexively headbutt those who attack you in melee.
You have a pair of horns on your head.
You have sharp toenails.
Your vision is a little blurry.
Your mind is acute. (Int +2)
Your body is slowly deteriorating.
Your flesh is heat resistant.
You can spit poison.
Your muscles are strong. (Str +2)
You have difficulty communicating with the divine.


Message History

You block the poisoned tomahawk.
The ynoxinul gestures.
You barely miss the orc zombie. You headbutt the orc zombie!
You destroy the orc zombie!
The orc sorcerer gestures at you while chanting.
The bolt of negative energy hits the ufetubus.
The ufetubus completely resists.
The bolt of negative energy hits the soul eater.
The soul eater completely resists.
The bolt of negative energy misses you.
The orc priest invokes the aid of Beogh against you.
Something smites you!
* * * LOW HITPOINT WARNING * * *
Unknown command.
The blue devil disappears in a puff of smoke!
You block the blue devil's attack.
The orc sorcerer mumbles some strange words.
You block the soul eater's attack.
The orc high priest mumbles some strange prayers to Beogh against you.
Something smites you!
You die...

#......).........
###.#............
##..3..........
##ooo.5o.....#
#.53o#o#.....
##.5o3..##..
###5Zoo5##..
#43oo$.....
##@##..... ###
#..# #


You could see a soul eater, an ice devil, an orc high priest, a blue devil, 2
ynoxinuls, 2 orc sorcerers, 2 orc warriors, 2 orc priests, 4 orcs, 5 ufetubi and
an orc zombie.

Vanquished Creatures
  A fire dragon (Lair:8)
  8 hydras
  A death yak (Lair:7)
  Nergalle (D:11)
  Erolcha (D:8)
  Pikel (D:4)
  An orc knight (Orc:1)
  2 orc sorcerers (Orc:1)
  A griffon (Lair:8)
  7 elephants (Lair:7)
  Maurice (D:11)
  12 spiny frogs
  A gargoyle (D:11)
  7 black mambas
  10 komodo dragons
  2 trolls
  A merfolk (D:9)
  7 polar bears
  Prince Ribbit (D:8)
  A slime creature (Lair:6)
  9 blink frogs
  2 basilisks (Lair:7)
  2 wyverns
  A water elemental (D:11)
  A shadow (D:11)
  43 yaks
  Eustachio (D:7)
  12 hippogriffs
  9 hogs (Lair:8)
  2 hungry ghosts
  The ghost of MDvedh the Cudgeler, an average MiWn (D:3)
  2 steam dragons (Lair:8)
  4 mottled dragons (Lair:8)
  15 water moccasins
  33 wolves
  7 wargs
  4 hell hounds (Lair:8)
  12 orc warriors
  9 porcupines
  2 slaves (D:4)
  8 spiders (Lair:3)
  2 ice beasts
  7 black bears
  3 phantoms
  4 sky beasts
  A necrophage (D:5)
  3 ogres
  7 centaurs
  2 boring beetles
  16 crocodiles
  A big kobold (D:11)
  Blork the orc (D:7)
  10 giant frogs
  4 killer bees (D:10)
  7 wights
  2 scorpions
  3 electric eels
  A goliath beetle (D:9)
  A crimson imp (D:5)
  3 jellies
  A centaur zombie (D:7)
  21 hounds
  10 orc priests
  A centaur skeleton (D:7)
  24 orc wizards
  9 worker ants
  A quasit (D:10)
  Natasha (thrice) (D:5)
  A gnoll shaman (D:6)
  13 iguanas
  An orange rat (D:11)
  6 sheep (Lair:6)
  An ogre skeleton (D:5)
  Terence (D:2)
  11 gnolls
  99 green rats
  A worker ant zombie (D:7)
  27 adders
  2 shadow imps
  4 giant mites
  3 worms
  An adder zombie (D:8)
  An adder skeleton (D:4)
  4 giant geckos
  An ooze (D:2)
  98 orcs
  A ball python (D:4)
  8 bats
  5 giant cockroaches
  16 hobgoblins
  23 kobolds
  6 giant newts
  A giant spore (D:9)
  A gnoll zombie (D:6)
  9 goblins
  A hobgoblin zombie (D:6)
  21 jackals
  2 orc skeletons (D:7)
  2 orc zombies (Orc:3)
  13 quokkas
  14 rats
  A rat zombie (D:5)
  3 ballistomycetes
  A plant (Lair:8)
797 creatures vanquished.

Vanquished Creatures (others)
  An adder (D:5)
  3 orcs
  A kobold (D:5)
  A giant spore (D:11)
  2 fungi
  4 plants (Lair:8)
12 creatures vanquished.

Grand Total: 809 creatures vanquished

Notes
Turn   | Place    | Note
--------------------------------------------------------------
     0 | D:1      | MDvedh, the Minotaur Fighter, began the quest for the Orb.
     0 | D:1      | Reached XP level 1. HP: 19/19 MP: 1/1
   667 | D:1      | Reached XP level 2. HP: 26/26 MP: 1/1
  1244 | D:2      | Noticed Terence
  1254 | D:2      | Killed Terence
  1254 | D:2      | Reached skill level 4 in Maces & Flails
  1254 | D:2      | Reached XP level 3. HP: 31/31 MP: 2/2
  2122 | D:2      | Reached skill level 5 in Maces & Flails
  2337 | D:2      | Reached XP level 4. HP: 39/39 MP: 2/2
  2558 | D:3      | Noticed MDvedh's ghost (average MiWn)
  2565 | D:3      | Killed MDvedh's ghost
  2565 | D:3      | Reached skill level 7 in Maces & Flails
  2565 | D:3      | Reached XP level 5. HP: 40/45 MP: 2/2
  2988 | D:4      | Reached XP level 6. HP: 29/51 MP: 3/3
  3216 | D:4      | Reached skill level 8 in Maces & Flails
  3489 | D:4      | Noticed a phantom
  3540 | D:4      | Killed a phantom
  3557 | D:4      | Reached skill level 9 in Maces & Flails
  3837 | D:4      | Reached XP level 7. HP: 57/57 MP: 3/3
  4156 | D:5      | Entered Level 5 of the Dungeon
  4158 | D:5      | Noticed Pikel
  4292 | D:4      | Killed Pikel
  4292 | D:4      | Reached skill level 11 in Maces & Flails
  4292 | D:4      | Reached XP level 8. HP: 50/64 MP: 3/3
  4599 | D:5      | Noticed Natasha
  4613 | D:5      | Killed Natasha
  4635 | D:5      | Reached skill level 12 in Maces & Flails
  4718 | D:5      | Reached skill level 5 in Armour
  4746 | D:5      | Noticed Natasha
  4763 | D:5      | Killed Natasha
  4797 | D:5      | Found Shuew's Gadget Shop.
  4934 | D:5      | Noticed Natasha
  4940 | D:5      | Killed Natasha
  5021 | D:6      | Reached XP level 9. HP: 45/70 MP: 4/4
  5441 | D:6      | Found a staircase to the Ecumenical Temple.
  6221 | D:6      | Found a deep blue altar of Sif Muna.
  6484 | D:7      | Reached skill level 10 in Armour
  6654 | D:7      | Noticed Blork the orc
  6664 | D:7      | Killed Blork the orc
  6669 | D:7      | Noticed Eustachio
  6684 | D:7      | Killed Eustachio
  6684 | D:7      | Reached skill level 5 in Shields
  7194 | D:7      | Found a radiant altar of Vehumet.
  7473 | D:8      | Noticed Prince Ribbit
  7490 | D:8      | Killed Prince Ribbit
  7798 | D:8      | Noticed Erolcha
  7812 | D:8      | Killed Erolcha
  7812 | D:8      | Reached XP level 10. HP: 68/77 MP: 4/4
  8167 | D:9      | Found a staircase to the Orcish Mines.
  8180 | D:9      | Reached skill level 10 in Shields
  8680 | D:9      | Found a shimmering altar of Xom.
  8852 | Temple   | Entered the Ecumenical Temple
  8920 | Temple   | Became a worshipper of Warmaster Okawaru
  9226 | D:9      | Found a snail-covered altar of Cheibriados.
  9415 | D:9      | Found a glowing silver altar of Zin.
  9419 | D:9      | Found a sparkling altar of Nemelex Xobeh.
  9642 | D:10     | Entered Level 10 of the Dungeon
 10098 | D:10     | Acquired Okawaru's first power
 11126 | D:11     | Reached skill level 13 in Shields
 11366 | D:11     | Reached XP level 11. HP: 20/82 MP: 4/4
 11975 | D:11     | Noticed a five-headed hydra
 11986 | D:11     | Killed a five-headed hydra
 11986 | D:11     | Reached skill level 14 in Shields
 12028 | D:11     | Noticed Maurice
 12043 | D:11     | Killed Maurice
 12112 | D:11     | Noticed Nergalle
 12131 | D:11     | Killed Nergalle
 12180 | D:11     | Found a staircase to the Lair.
 12414 | Lair:1   | Entered Level 1 of the Lair of Beasts
 12622 | Lair:1   | Reached skill level 15 in Shields
 12836 | Lair:1   | Reached skill level 5 in Fighting
 13015 | Lair:1   | Got a crude leather armour
 13027 | Lair:1   | Identified the +0 leather armour of the Original Sin {rN+ Int+2} (You found it on level 1 of the Lair of Beasts)
 13251 | Lair:1   | Acquired Okawaru's second power
 13844 | Lair:2   | Gained mutation: Your body is slowly deteriorating. [potion of mutation]
 13844 | Lair:2   | Gained mutation: You have sharp toenails. [potion of mutation]
 13845 | Lair:2   | Gained mutation: You occasionally shout uncontrollably at your foes. [potion of mutation]
 13845 | Lair:2   | Gained mutation: Your vision is a little blurry. [potion of mutation]
 14172 | Lair:2   | Received a gift from Okawaru
 14536 | Lair:2   | Reached skill level 10 in Fighting
 14536 | Lair:2   | Reached XP level 12. HP: 106/106 MP: 5/5
 14656 | Lair:2   | Reached skill level 1 in Invocations
 14927 | Lair:3   | Noticed a seven-headed hydra
 14944 | Lair:3   | Killed a seven-headed hydra
 15193 | Lair:3   | Found a hole to the Spider Nest.
 15785 | Lair:3   | Reached skill level 5 in Invocations
 17526 | Lair:4   | Noticed a five-headed hydra
 17538 | Lair:4   | Killed a five-headed hydra
 17557 | Lair:4   | Found a staircase to the Swamp.
 17590 | Lair:4   | Received a gift from Okawaru
 18780 | Lair:5   | Reached XP level 13. HP: 109/122 MP: 20/20
 19276 | Lair:5   | Lost intelligence.
 19478 | Lair:6   | Found a staircase to the Slime Pits.
 19479 | Lair:6   | Found a viscous altar of Jiyva.
 19506 | Lair:6   | Gained mutation: Your muscles are strong. (Str +2) [potion of beneficial mutation]
 20424 | Lair:6   | Received a gift from Okawaru
 20747 | Lair:7   | Reached skill level 1 in Dodging
 21227 | Lair:7   | Gained mutation: You can spit poison. [potion of mutation]
 21227 | Lair:7   | Lost mutation: You occasionally shout uncontrollably at your foes. [potion of mutation]
 21228 | Lair:7   | Gained mutation: You have difficulty communicating with the divine. [potion of mutation]
 21228 | Lair:7   | Gained mutation: Your flesh is heat resistant. [potion of mutation]
 21407 | Lair:7   | Gained mutation: Your mind is acute. (Int +2) [potion of mutation]
 21900 | Lair:8   | Entered Level 8 of the Lair of Beasts
 21970 | Lair:8   | Reached skill level 5 in Dodging
 22926 | Lair:8   | Reached XP level 14. HP: 72/130 MP: 22/22
 23590 | Lair:8   | Received a gift from Okawaru
 24723 | Lair:2   | Noticed a four-headed hydra
 24734 | Lair:2   | Killed a four-headed hydra
 24900 | Orc:1    | Entered Level 1 of the Orcish Mines
 26514 | Orc:3    | Found Sionuoda's Armour Boutique.
 26557 | Orc:3    | HP: 2/130 [orc priest/divine providence[an orc high priest] (9)]
 26558 | Orc:3    | Killed from afar by an orc high priest

Action                   |  1- 3 |  4- 6 |  7- 9 | 10-12 | 13-15 || total
-------------------------+-------+-------+-------+-------+-------++-------
Melee: Flail             |    88 |   158 |    47 |       |       ||   293
       Whip              |       |       |   519 |  1617 |  1539 ||  3675
Invok: Heroism           |       |       |       |    11 |    16 ||    27
Evoke: Wand              |       |       |       |     4 |       ||     4
  Use: Potion            |       |     1 |     2 |     6 |    18 ||    27
       Scroll            |       |     9 |     6 |     5 |     3 ||    23
 Stab: Fleeing           |       |       |     1 |       |       ||     1
  Eat: Chunk             |     4 |     4 |    12 |    30 |     8 ||    58
       Fruit             |       |     1 |     1 |     2 |     2 ||     6
       Beef jerky        |       |       |     1 |     2 |     1 ||     4
       Bread ration      |       |       |     1 |       |     3 ||     4
       Meat ration       |       |       |       |       |     1 ||     1
       Royal jelly       |       |       |       |       |     1 ||     1
